 Dungeon Crawl Stone Soup version 0.26.1-2-gb8aa6d0cf2 (webtiles) character file.

Game seed: 10829531167254719534

109 promet the Shield-Bearer (level 4, 0/41 HPs)
             Began as a Gnoll Fighter on Mar 25, 2021.
             Was an Initiate of Ru.
             Slain by an orc
             ... wielding a +0 short sword
              (1 damage)
             ... on level 3 of the Dungeon.
             The game lasted 00:06:28 (1937 turns).

promet the Shield-Bearer (Gnoll Fighter)            Turns: 1937, Time: 00:06:28

Health: 0/41       AC:  7    Str: 20    XL:     4   Next: 90%
Magic:  5/5        EV:  8    Int: 10    God:    Ru [......]
Gold:   83         SH: 11    Dex: 14    Spells: 5/5 levels left

rFire    x . .     SeeInvis .   a - +0 long sword
rCold    + . .     Faith    .   c - +0 kite shield
rNeg     . . .     Spirit   .   b - +0 scale mail
rPois    .         Reflect  .   (no helmet)
rElec    .         Harm     .   (no cloak)
rCorr    .         Rampage  .   (no gloves)
Will     .....                  (no boots)
Stlth    ..........             (no amulet)
HPRegen  0.13/turn              k - ring of ice
MPRegen  0.09/turn              (no ring)

@: mighty, slowed, very slow
A: distributed training, fangs 1, strong nose
a: Renounce Religion


You were on level 3 of the Dungeon.
You worshipped Ru.
Ru was noncommittal.
You visited 1 branch of the dungeon, and saw 3 of its levels.

You collected 83 gold pieces.

Inventory:

Hand Weapons
 a - a +0 long sword (weapon)
Missiles
 e - 17 sling bullets
 f - 14 poisoned darts
 h - 23 arrows
 j - 27 stones (quivered)
Armour
 b - a +0 scale mail (worn)
 c - a +0 kite shield (worn)
Jewellery
 k - a ring of ice (left hand)
Scrolls
 g - a scroll of immolation
Potions
 i - a potion of haste {unknown}
 l - 2 potions of curing {unknown}
 m - a potion of attraction
 n - a potion of flight {unknown}


   Skills:
 + Level 6.6 Fighting
 + Level 1.2 Short Blades
 + Level 4.7 Long Blades
 + Level 1.2 Axes
 + Level 1.2 Maces & Flails
 + Level 1.2 Polearms
 + Level 1.2 Staves
 + Level 1.2 Slings
 + Level 1.2 Bows
 + Level 1.2 Crossbows
 + Level 1.2 Throwing
 + Level 6.6 Armour
 + Level 1.2 Dodging
 + Level 1.2 Stealth
 + Level 6.6 Shields
 + Level 1.2 Unarmed Combat
 + Level 1.2 Spellcasting
 + Level 1.0 Conjurations
 + Level 1.0 Hexes
 + Level 1.0 Summonings
 + Level 1.0 Necromancy
 + Level 1.0 Translocations
 + Level 1.0 Transmutations
 + Level 1.0 Fire Magic
 + Level 1.0 Ice Magic
 + Level 1.0 Air Magic
 + Level 1.0 Earth Magic
 + Level 1.0 Poison Magic
 + Level 1.4 Invocations
 + Level 1.2 Evocations


You had 5 spell levels left.
You didn't know any spells.
Your spell library was empty.

Dungeon Overview and Level Annotations

Branches:
Dungeon (3/15)

Altars:
Fedhas
Ru
Xom
The Shining One


Innate Abilities, Weirdness & Mutations

Your experience applies equally to all skills.
You have very sharp teeth.
Your uncanny sense of smell can sniff out nearby items.


Message History

* * * LOW HITPOINT WARNING * * *
The orc hits you but does no damage. You block the orc wizard's attack.
The orc hits you but does no damage. You block the orc's attack.
The orc wizard hits you with a +2 dagger of speed.
* * * LOW HITPOINT WARNING * * *
You block the orc's attack.
You closely miss the orc wizard.
The orc wizard is lightly wounded.
You block the orc wizard's attack.
The orc wizard hits you but does no damage.
The orc hits you with a +0 war axe.
* * * LOW HITPOINT WARNING * * *
The orc hits you but does no damage. The orc wizard casts a spell at you.
You feel as though you will be slow longer.
You block the orc's attack. x2; The orc closely misses you.
The orc wizard hits you but does no damage.
You block the orc's attack. You block the orc wizard's attack.
The orc hits you with a +0 short sword.
You die...

......##..........
......##................
......##................
......##................
.......#...............
....##...†......##...# .
.................#.#.# ...
...####..........oo#.##....S
................@.o.).......
...#####........oo##.#######
...# #...........#.# ##.#
##............# ##.#
##.....#....## #.#
##.#.##.)..# #.#.........
............


You could see an orc wizard (fast) and 4 orcs.

Vanquished Creatures
  An orc wizard (D:3)
  3 adders
  An ooze (D:1)
  A worm (D:2)
  A dart slug (D:1)
  2 leopard geckos
  An orc (D:3)
  2 giant cockroaches
  8 goblins
  7 hobgoblins
  A ball python (D:3)
  6 bats
  4 frilled lizards
  2 kobolds (D:1)
  3 rats (D:1)
43 creatures vanquished.

Notes
Turn   | Place    | Note
-------+----------+-------------------------------------------
     0 | D:1      | promet the Gnoll Fighter began the quest for the Orb.
     0 | D:1      | Reached XP level 1. HP: 23/23 MP: 1/1
   143 | D:1      | Reached XP level 2. HP: 27/29 MP: 2/2
   490 | D:1      | Reached XP level 3. HP: 35/35 MP: 3/3
  1031 | D:2      | Reached skill level 1 in Invocations
  1180 | D:2      | Reached skill level 1 in Short Blades
  1180 | D:2      | Reached skill level 1 in Axes
  1180 | D:2      | Reached skill level 1 in Maces & Flails
  1180 | D:2      | Reached skill level 1 in Polearms
  1180 | D:2      | Reached skill level 1 in Staves
  1180 | D:2      | Reached skill level 1 in Slings
  1180 | D:2      | Reached skill level 1 in Bows
  1180 | D:2      | Reached skill level 1 in Crossbows
  1180 | D:2      | Reached skill level 1 in Throwing
  1180 | D:2      | Reached skill level 1 in Dodging
  1180 | D:2      | Reached skill level 1 in Stealth
  1180 | D:2      | Reached skill level 1 in Unarmed Combat
  1180 | D:2      | Reached skill level 1 in Spellcasting
  1180 | D:2      | Reached skill level 1 in Evocations
  1229 | D:2      | Found a glowing golden altar of the Shining One.
  1319 | D:2      | Reached XP level 4. HP: 31/41 MP: 5/5
  1450 | D:2      | Found a blossoming altar of Fedhas.
  1539 | D:2      | Found a shimmering altar of Xom.
  1770 | D:2      | Found a sacrificial altar of Ru.
  1786 | D:2      | Became a worshipper of Ru the Awakened
  1930 | D:3      | Reached skill level 1 in Conjurations
  1930 | D:3      | Reached skill level 1 in Hexes
  1930 | D:3      | Reached skill level 1 in Summonings
  1930 | D:3      | Reached skill level 1 in Necromancy
  1930 | D:3      | Reached skill level 1 in Translocations
  1930 | D:3      | Reached skill level 1 in Transmutations
  1930 | D:3      | Reached skill level 1 in Fire Magic
  1930 | D:3      | Reached skill level 1 in Ice Magic
  1930 | D:3      | Reached skill level 1 in Air Magic
  1930 | D:3      | Reached skill level 1 in Earth Magic
  1930 | D:3      | Reached skill level 1 in Poison Magic
  1936 | D:3      | HP: 1/41 [orc/+0 war axe (2)]
  1937 | D:3      | Slain by an orc

Illustrated notes

Levels and vault maps discovered:
D:1:      minmay_arrival_jagged, layout_loops_corners
D:2:      layout_basic, lemuel_doored_altar, lemuel_crystal_altar,
          lemuel_round_altar, kennysheep_cross_room, brannock_xom_greatest_gift
D:3:      layout_rooms, nzn_hepliaklqana_mist_gate

Skill      XL: |  1  2  3  4 |
---------------+-------------+-----
Invocations    | 1 |  1.4
Short Blades   | 1 |  1.2
Axes           | 1 |  1.2
Maces & Flails | 1 |  1.2
Polearms       | 1 |  1.2
Staves         | 1 |  1.2
Slings         | 1 |  1.2
Bows           | 1 |  1.2
Crossbows      | 1 |  1.2
Throwing       | 1 |  1.2
Dodging        | 1 |  1.2
Stealth        | 1 |  1.2
Unarmed Combat | 1 |  1.2
Spellcasting   | 1 |  1.2
Evocations     | 1 |  1.2
Conjurations   | 1 |  1.0
Hexes          | 1 |  1.0
Summonings     | 1 |  1.0
Necromancy     | 1 |  1.0
Translocations | 1 |  1.0
Transmutations | 1 |  1.0
Fire Magic     | 1 |  1.0
Ice Magic      | 1 |  1.0
Air Magic      | 1 |  1.0
Earth Magic    | 1 |  1.0
Poison Magic   | 1 |  1.0
Fighting       | |  6.6
Long Blades    | |  4.7
Armour         | |  6.6
Shields        | |  6.6

Action                   |  1- 3 |  4- 6 || total
-------------------------+-------+-------++-------
Melee: Long sword        |   128 |    27 ||   155
       Bite              |    11 |     3 ||    14
  Use: Scroll            |     2 |     2 ||     4
       Potion            |     1 |     1 ||     2
Armor: Scale mail        |    42 |    24 ||    66
Dodge: Dodged            |    41 |    12 ||    53
Block: Kite shield       |    83 |    30 ||   113
       Rpst.: Long sword |    13 |     4 ||    17
